 Dungeon Crawl Stone Soup version 0.32-a0-711-g016ad743e0 (webtiles) character file.

Game seed: 3845317751984491619

236 olddryhag the Apothecary (level 6, 0/44 HPs)
             Began as a Coglin Wanderer on Mar 15, 2024.
             Killed from afar by Pargi the naga (13 damage)
             ... with a splash of poison
             ... in a sewer.
             The game lasted 00:09:19 (4459 turns).

olddryhag the Apothecary (Coglin Wanderer)          Turns: 4459, Time: 00:09:19

Health: 0/44       AC:  4    Str:  9    XL:     6   Next: 6%
Magic:  7/9        EV:  0    Int: 22    God:
Gold:   1584       SH:  0    Dex: 15    Spells: 2/9 levels left

rFire   . . .        s - +1 trident of Gesar {flame, rF- Int+7}
rCold   + . .        k - +2 short sword (drain) {Kaspar}
rNeg    . . .        i - +0 leather armour
rPois   .            (no helmet)
rElec   .            e - scarf {rC+ rF+}
rCorr   .            c - +0 pair of gloves
SInv    .            (no boots)
Will    +....        (amulet unavailable)
Stlth   ++           (ring unavailable)
HPRegen 0.27/turn    (ring unavailable)
MPRegen 0.11/turn    (no gizmo)

%: no passive effects
@: lethally poisoned (0 -> -12), enlightened, flying, hasted, constricted,
revving, very quick
A: off-hand wielding, slow wielding, warmup strikes, no jewellery
a: Invent Gizmo


You were in a sewer.
You visited 1 branch of the dungeon, and saw 4 of its levels.
You also visited: Sewer.

You collected 1584 gold pieces.

Inventory:

Hand Weapons
 k - a +2 short sword of draining (offhand) {Kaspar}
 s - the +1 trident of Gesar (weapon) {flame, rF- Int+7}
   (You found it on level 3 of the Dungeon)

   Int+7:     It affects your intelligence (+7).
   rF-:       It makes you vulnerable to fire.
Armour
 c - a +0 pair of gloves (worn)
 e - a scarf of resistance (worn)
 i - a +0 leather armour (worn)
Wands
 u - a wand of polymorph (9)
Scrolls
 a - a scroll of poison {unknown}
 d - a scroll of blinking {unknown}
 f - a scroll of immolation
 p - a scroll of identify {unknown}
 q - a scroll of torment {unknown}
 r - a scroll of teleportation {unknown}
Potions
 h - a potion of magic {unknown}
 j - a potion of brilliance {unknown}
 l - a potion of lignification {unknown}
 m - 2 potions of enlightenment
 t - a potion of attraction {unknown}


   Skills:
 + Level 2.0 Fighting
 + Level 1.5 Short Blades
 * Level 1.1 Polearms
 + Level 1.8 Dodging
 + Level 2.9 Stealth
 + Level 2.3 Spellcasting
 + Level 1.4 Conjurations
 + Level 1.1 Fire Magic
 - Level 1.0 Air Magic
 + Level 3.9 Alchemy


You had 2 spell levels left.
You knew the following spells:

 Your Spells              Type           Power      Damage    Failure   Level
a - Sting                 Conj/Alch      56%        1d6       6%          1
b - Mercury Vapours       Alch/Air       26%        N/A       11%         2
c - Olgreb's Toxic Radia  Alch           19%        N/A       36%         4

Your spell library contained the following spells:

 Spells                   Type           Power      Damage    Failure   Level
 Cigotuvi's Dreadful Rot  Necr/Alch/Air  18%        N/A       14%         2
 Ignite Poison            Fire/Alch      13%        N/A       54%         4


Dungeon Overview and Level Annotations

Branches:
Dungeon (4/15)              Sewer (1/1)
 Temple: D:4-7

Altars:
Ashenzari
Makhleb
Okawaru
Xom
Yredelemnul
The Shining One

Annotations:
Sewer Pargi


Innate Abilities, Weirdness & Mutations

You can wield a second weapon in your off-hand.
It takes a long time for you to wield or remove held weapons.
Your first few attacks do less damage.
You cannot equip rings or amulets.


Message History

Confirm with . or Enter, or press ? or * to list all spells.
Aiming: Mercury Vapours (safe; 11% risk of failure)
Press: ? - help, Dir - move target, f/p - Pargi
Aim: Pargi the naga (chance to weaken: 73%) Fumes of mercury billow around Pargi!
Pargi spits poison at you. The splash of poison hits you!
You are poisoned.
You feel very sick.
You puncture Pargi with the +1 trident of Gesar!
You burn Pargi.
Pargi is moderately wounded.
You hit Pargi with your +2 short sword of draining.
You feel sick. Pargi barely misses you. Pargi closely misses you.
You barely miss Pargi with your +2 short sword of draining.
Pargi is heavily wounded.
You hit Pargi with the +1 trident of Gesar.
You burn Pargi.
You feel sick. Pargi closely misses you. Pargi barely misses you.
You hit Pargi with the +1 trident of Gesar.
You burn Pargi.
Pargi is severely wounded.
You barely miss Pargi with your +2 short sword of draining.
You feel sick. Pargi hits you!
* * * LOW HITPOINT WARNING * * *
Pargi grabs you. Pargi constricts you.
* * * LOW HITPOINT WARNING * * *
It was a potion of enlightenment.
You feel very buoyant.
You fly up into the air.
* * * LOW HITPOINT WARNING * * *
You feel sick.
It was a potion of curing.
You feel better. Pargi hits you but does no damage. Pargi constricts you.
* * * LOW HITPOINT WARNING * * *
You feel better. Pargi spits poison at you. The splash of poison hits you!
You are poisoned.
You die...

..... ... ... ...
####### #.# ##.....##
#!# #...≈...## #N#
...≈≈≈...#######@####
∩.≈≈≈≈≈÷..........†.#
...≈≈≈...#######†####
#...≈...## #.#
##....)## #.# #######
#.# #.# #.# #∩#


You could see Pargi the naga (catching breath).

Vanquished Creatures
  A brain worm (Sewer)
  An iguana (D:4)
  6 adders
  A river rat (D:4)
  2 dart slugs (D:1)
  2 orcs (D:3)
  16 bats
  4 endoplasms
  3 giant cockroaches
  9 goblins
  3 hobgoblins
  2 jackals (D:1)
  8 kobolds
  3 quokkas (D:1)
  6 ball pythons
  7 frilled lizards (D:1)
  5 rats
79 creatures vanquished.

Notes
Turn   | Place    | Note
-------+----------+-------------------------------------------
     0 | D:1      | olddryhag the Coglin Wanderer began the quest for the Orb.
     0 | D:1      | olddryhag set off with the following items: a +0 dagger
                  | {Qinisela}, a potion of haste, a +0 robe, a +0 pair of
                  | gloves, a +0 dagger {Kanchana}; and the following spell
                  | memorised: Sting; and the following spells available to
                  | memorise: Mercury Vapours, Cigotuvi's Dreadful Rot,
                  | Olgreb's Toxic Radiance, Ignite Poison.
     0 | D:1      | Reached XP level 1. HP: 13/13 MP: 3/3
    87 | D:1      | Reached XP level 2. HP: 17/20 MP: 0/4
   606 | D:1      | Learned a level 2 spell: Mercury Vapours
   810 | D:1      | Reached XP level 3. HP: 25/25 MP: 1/5
  1080 | D:1      | Reached skill level 1 in Fighting
  1541 | D:2      | Reached skill level 1 in Short Blades
  1790 | D:2      | Reached XP level 4. HP: 23/32 MP: 3/7
  1794 | D:2      | Reached skill level 1 in Conjurations
  2108 | D:2      | Identified 2 scrolls of acquirement
  2108 | D:2      | Acquired 524 gold pieces
  2110 | D:2      | Acquired 895 gold pieces
  3609 | D:3      | Identified the +1 trident of Gesar {flame, rF- Int+7}
  3932 | D:3      | Learned a level 4 spell: Olgreb's Toxic Radiance
  4028 | D:4      | Found a glowing golden altar of the Shining One.
  4030 | D:4      | Found a broken altar of Ashenzari.
  4033 | D:4      | Found a shimmering altar of Xom.
  4033 | D:4      | Found a basalt altar of Yredelemnul.
  4035 | D:4      | Found an iron altar of Okawaru.
  4036 | D:4      | Found a burning altar of Makhleb.
  4061 | D:4      | Reached XP level 5. HP: 31/38 MP: 8/8
  4198 | D:4      | Found a glowing drain.
  4202 | Sewer    | Entered a sewer
  4216 | Sewer    | Reached skill level 1 in Fire Magic
  4309 | Sewer    | Reached skill level 1 in Polearms
  4309 | Sewer    | Reached XP level 6. HP: 37/44 MP: 7/9
  4310 | Sewer    | Noticed Pargi
  4444 | Sewer    | Pargi changed into Pargi the naga
  4444 | Sewer    | Noticed Pargi
  4459 | Sewer    | Killed from afar by Pargi the naga

Illustrated notes

Levels and vault maps discovered:
D:1:      wheals_arrival_linesprint, layout_loops_ring, st_stairs_7
D:2:      layout_basic, minmay_misc_feat_secret_circle
D:3:      layout_loops_corners, serial_co_window_serial, co_window_paths_a,
          co_window_paths_a, co_window_paths_a, co_window_cross_1,
          co_window_paths_a, co_window_corner_b, co_window_2corner,
          co_window_2corner, co_window_2corner, co_window_broadway_a,
          co_window_of_opportunity_c, co_window_of_opportunity_b,
          co_window_paths_e, glass_columns_b, glass_columns_a, glass_columns_c
D:4:      layout_basic, grunt_temple_overflow_open, minmay_temple_entry_hall,
          gup_sewer_entry_spiral, hangedman_decor_growths
Sewer:    sewer_big_baddie

Skill      XL: |  1  2  3  4  5 |
---------------+----------------+-----
Fighting       | 1 2 |  2.0
Short Blades   | 1 |  1.5
Spellcasting   | 2 |  2.3
Conjurations   | 1 |  1.4
Fire Magic     | 1 |  1.1
Polearms       | 1 |  1.1
Dodging        | |  1.8
Stealth        | |  2.9
Air Magic      | |  1.0
Alchemy        | |  3.9

Action                     |  1- 3 |  4- 6 || total
---------------------------+-------+-------++-------
  Melee: Dagger            |    91 |    41 ||   132
         Short sword       |    40 |    74 ||   114
         Trident           |       |    27 ||    27
   Cast: Sting             |    40 |    14 ||    54
         Olgreb's Toxic Ra |       |     1 ||     1
         Mercury Vapours   |       |     1 ||     1
  Evoke: Wand              |       |     2 ||     2
    Use: Scroll            |       |     7 ||     7
         Potion            |       |     4 ||     4
   Stab: Sleeping          |     3 |     3 ||     6
 Armour: Robe              |     5 |       ||     5
         Leather armour    |    48 |    52 ||   100
  Dodge: Dodged            |    37 |    42 ||    79

Table legend: (Time is in decaauts)
 A = Elapsed time spent in this place.
 B = Non-inter-level travel time spent in this place.
 C = Inter-level travel time spent in this place.
 D = Time resting spent in this place.
 E = Time spent auto-exploring this place.
 F = Levels seen in this place.
 G = Mean time per level.
                   A        B        C        D        E       F      G
               +--------+--------+--------+--------+--------+-----+--------+
         Total |   4474 |   4360 |    114 |   1227 |   2236 |   5 |  894.8 |
       Dungeon |   4218 |   4104 |    114 |   1075 |   2236 |   4 | 1054.5 |
         Sewer |    255 |    255 |      0 |    152 |      0 |   1 |  255.0 |
               +--------+--------+--------+--------+--------+-----+--------+

Top non-repeatable levels by time:
     D:3: 1556 daAuts
     D:1: 1463 daAuts
     D:2: 962 daAuts
   Sewer: 255 daAuts
     D:4: 236 daAuts
